[ AOE2 MATCH · #474938157 ]
Team RMBurmese vs Aztecs
[ REPLAY ANALYSIS · EXTRACTED FROM THE RECORDED GAME ]
Feudal
—
Castle
—
Imperial
—
| APM avg | 16.1 |
| APM peak | 41 |
| eAPM avg | 12.7 |
| Villagers / military | 137 / 49 |
Focus
⚔️ 21.7% · 🌾 78.3%
Fishing Ship ×29 · Battle Elephant ×23 · Unknown (2626) ×18 · Scorpion ×16 · Galley ×5 · Battering Ram ×5
Feudal
18:01
Castle
22:47
Imperial
—
| APM avg | 16.1 |
| APM peak | 51 |
| eAPM avg | 9.0 |
| Villagers / military | 66 / 22 |
Focus
⚔️ 15.0% · 🌾 85.0%
Fishing Ship ×10 · Huskarl ×9 · Spearman ×9 · Battering Ram ×4
Feudal
15:45
Castle
23:05
Imperial
35:24
| APM avg | 12.6 |
| APM peak | 41 |
| eAPM avg | 6.7 |
| Villagers / military | 50 / 25 |
Focus
⚔️ 24.8% · 🌾 75.2%
Fishing Ship ×25 · Camel Scout ×21 · Trade Cart ×3 · Mangonel ×2 · Monk ×1 · Trebuchet (Packed) ×1
Feudal
18:37
Castle
23:11
Imperial
—
| APM avg | 20.1 |
| APM peak | 57 |
| eAPM avg | 10.7 |
| Villagers / military | 51 / 34 |
Focus
⚔️ 11.1% · 🌾 88.9%
Jaguar Warrior ×33 · Fishing Ship ×19 · Transport Ship ×1
Feudal
14:47
Castle
20:49
Imperial
37:10
| APM avg | 20.3 |
| APM peak | 62 |
| eAPM avg | 12.8 |
| Villagers / military | 94 / 35 |
Focus
⚔️ 17.4% · 🌾 82.6%
Urumi Swordsman ×18 · Elephant Archer ×13 · Trebuchet (Packed) ×2 · Monk ×1 · Scout Cavalry ×1
Feudal
18:44
Castle
25:35
Imperial
—
| APM avg | 18.3 |
| APM peak | 46 |
| eAPM avg | 11.0 |
| Villagers / military | 44 / 40 |
Focus
⚔️ 23.2% · 🌾 76.8%
Archer ×38 · Spearman ×2
Feudal
15:14
Castle
20:41
Imperial
32:15
| APM avg | 22.5 |
| APM peak | 58 |
| eAPM avg | 14.0 |
| Villagers / military | 96 / 28 |
Focus
⚔️ 23.2% · 🌾 76.8%
Fishing Ship ×33 · Battle Elephant ×6 · Trade Cog ×5 · Archer ×4 · Spearman ×4 · Demolition Raft ×4
Feudal
16:23
Castle
30:11
Imperial
—
| APM avg | 13.7 |
| APM peak | 41 |
| eAPM avg | 7.2 |
| Villagers / military | 43 / 49 |
Focus
⚔️ 25.9% · 🌾 74.1%
Fishing Ship ×27 · Scout Cavalry ×22 · Fire Galley ×15 · Armored Elephant ×7 · Spearman ×5
Match map
Resources at game start + every placement click. Thick line = wall · dashed box = detected house wall. 🟡 gold · ⚪ stone · 🟢 berries · 🔶 boar · ⭕ relic
Inputs per minute
— frizboum - - HANSLANDA
Build order — frizboum
First 150 of 371 actions detected
| 0:19 | Build | Town Center |
| 2:47 | Create | Villager (Male) |
| 2:48 | Create | Villager (Male) |
| 2:49 | Create | Villager (Male) |
| 2:49 | Create | Villager (Male) |
| 2:49 | Create | Villager (Male) |
| 3:03 | Build | House |
| 3:04 | Build | House |
| 3:20 | Research | Loom |
| 3:21 | Create | Villager (Male) |
| 3:21 | Create | Villager (Male) |
| 3:22 | Create | Villager (Male) |
| 4:00 | Build | Dock |
| 4:11 | Create | Villager (Male) |
| 4:11 | Create | Villager (Male) |
| 4:45 | Create | Villager (Male) |
| 4:46 | Create | Villager (Male) |
| 5:27 | Create | Villager (Male) |
| 5:43 | Create | Villager (Male) |
| 6:04 | Create | Villager (Male) |
| 6:46 | Create | Villager (Male) |
| 6:47 | Create | Villager (Male) |
| 7:19 | Build | Lumber Camp |
| 7:22 | Create | Villager (Male) |
| 7:22 | Create | Villager (Male) |
| 7:53 | Create | Villager (Male) |
| 8:09 | Create | Villager (Male) |
| 8:09 | Create | Villager (Male) |
| 8:25 | Build | House |
| 8:27 | Build | House |
| 8:34 | Create | Villager (Male) |
| 8:35 | Create | Villager (Male) |
| 8:56 | Create | Fishing Ship |
| 9:12 | Create | Villager (Male) |
| 9:29 | Create | Fishing Ship |
| 9:31 | Create | Villager (Male) |
| 9:31 | Create | Villager (Male) |
| 9:56 | Create | Fishing Ship |
| 10:04 | Create | Villager (Male) |
| 10:04 | Create | Villager (Male) |
| 10:16 | Create | Fishing Ship |
| 10:16 | Create | Fishing Ship |
| 10:23 | Create | Villager (Male) |
| 10:33 | Create | Fishing Ship |
| 11:06 | Build | Lumber Camp |
| 11:08 | Create | Villager (Male) |
| 11:09 | Create | Villager (Male) |
| 11:44 | Build | House |
| 11:45 | Build | House |
| 11:49 | Create | Villager (Male) |
| 11:49 | Create | Villager (Male) |
| 12:01 | Create | Fishing Ship |
| 12:05 | Create | Fishing Ship |
| 12:18 | Create | Villager (Male) |
| 12:30 | Build | Dock |
| 12:34 | Create | Villager (Male) |
| 12:54 | Build | House |
| 12:56 | Build | House |
| 12:57 | Build | House |
| 12:58 | Build | House |
| 13:03 | Create | Villager (Male) |
| 13:07 | Create | Fishing Ship |
| 13:13 | Create | Fishing Ship |
| 13:19 | Create | Fishing Ship |
| 13:41 | Build | Mill |
| 13:47 | Create | Villager (Male) |
| 13:48 | Create | Villager (Male) |
| 13:54 | Create | Fishing Ship |
| 14:01 | Create | Fishing Ship |
| 14:01 | Create | Fishing Ship |
| 14:15 | Create | Fishing Ship |
| 14:16 | Create | Fishing Ship |
| 14:25 | Create | Villager (Male) |
| 14:27 | Create | Villager (Male) |
| 14:33 | Create | Fishing Ship |
| 14:39 | Create | Fishing Ship |
| 15:10 | Build | Mining Camp |
| 15:15 | Create | Villager (Male) |
| 15:23 | Create | Fishing Ship |
| 15:28 | Create | Fishing Ship |
| 15:35 | Build | House |
| 15:36 | Build | House |
| 15:37 | Build | House |
| 15:39 | Build | House |
| 15:40 | Build | House |
| 15:41 | Build | House |
| 15:52 | Research | Feudal Age |
| 16:22 | Build | Mining Camp |
| 16:29 | Create | Villager (Male) |
| 16:29 | Create | Villager (Male) |
| 16:29 | Create | Villager (Male) |
| 16:30 | Create | Villager (Male) |
| 16:41 | Create | Fishing Ship |
| 16:42 | Create | Fishing Ship |
| 16:53 | Create | Fishing Ship |
| 16:53 | Create | Fishing Ship |
| 16:54 | Create | Fishing Ship |
| 17:17 | Create | Villager (Male) |
| 17:36 | Build | Dock |
| 18:15 | Create | Villager (Male) |
| 18:24 | Create | Unit 2626 |
| 18:24 | Create | Unit 2626 |
| 18:24 | Create | Unit 2626 |
| 18:28 | Create | Unit 2626 |
| 18:34 | Research | Tech 906 |
| 18:44 | Build | Blacksmith |
| 19:08 | Build | Market |
| 19:46 | Build | Mining Camp |
| 19:54 | Create | Villager (Male) |
| 19:57 | Research | Wheelbarrow |
| 20:29 | Research | Castle Age |
| 20:31 | Research | Wheelbarrow |
| 20:38 | Research | Horse Collar |
| 20:40 | Create | Villager (Male) |
| 20:40 | Create | Villager (Male) |
| 20:41 | Create | Villager (Male) |
| 21:03 | Build | Mining Camp |
| 21:07 | Create | Villager (Male) |
| 21:18 | Create | Unit 2626 |
| 21:18 | Create | Unit 2626 |
| 21:18 | Create | Unit 2626 |
| 21:18 | Create | Unit 2626 |
| 21:42 | Create | Unit 2626 |
| 22:09 | Create | Fishing Ship |
| 22:09 | Create | Fishing Ship |
| 22:10 | Create | Fishing Ship |
| 22:10 | Create | Fishing Ship |
| 22:19 | Research | Fletching |
| 22:19 | Research | Forging |
| 22:21 | Research | Padded Archer Armor |
| 22:22 | Research | Scale Mail Armor |
| 22:32 | Build | Barracks |
| 22:38 | Build | Farm |
| 22:39 | Build | Farm |
| 22:40 | Build | Farm |
| 22:41 | Build | Farm |
| 22:49 | Create | Villager (Male) |
| 23:06 | Research | Gold Mining |
| 23:08 | Research | Stone Mining |
| 23:31 | Create | Galley |
| 23:35 | Create | Unit 2626 |
| 23:35 | Create | Unit 2626 |
| 23:36 | Create | Unit 2626 |
| 24:00 | Create | Villager (Male) |
| 24:06 | Build | Town Center |
| 24:55 | Build | Town Center |
| 25:11 | Build | Watch Tower |
| 26:05 | Create | Villager (Male) |
| 26:05 | Create | Villager (Male) |
| 26:06 | Create | Villager (Male) |
Build order — HANSLANDA
First 150 of 203 actions detected
| 0:15 | Build | House |
| 0:17 | Build | House |
| 1:28 | Build | Town Center |
| 3:58 | Create | Villager (Male) |
| 3:58 | Create | Villager (Male) |
| 3:59 | Create | Villager (Male) |
| 3:59 | Create | Villager (Male) |
| 5:00 | Create | Villager (Male) |
| 5:51 | Create | Villager (Male) |
| 6:03 | Create | Villager (Male) |
| 6:43 | Create | Villager (Male) |
| 7:17 | Create | Villager (Male) |
| 7:38 | Create | Villager (Male) |
| 8:11 | Create | Villager (Male) |
| 8:49 | Create | Villager (Male) |
| 9:04 | Build | House |
| 9:14 | Build | House |
| 9:18 | Build | Mill |
| 9:41 | Build | Dock |
| 9:57 | Create | Villager (Male) |
| 9:58 | Create | Villager (Male) |
| 9:58 | Create | Villager (Male) |
| 10:12 | Build | Palisade Gate |
| 10:22 | Build | Palisade Wall |
| 10:27 | Build | Palisade Wall |
| 10:32 | Create | Fishing Ship |
| 10:45 | Create | Villager (Male) |
| 10:45 | Create | Villager (Male) |
| 11:28 | Build | House |
| 11:46 | Create | Villager (Male) |
| 12:18 | Build | House |
| 12:23 | Create | Villager (Male) |
| 12:30 | Create | Fishing Ship |
| 12:35 | Create | Fishing Ship |
| 12:48 | Create | Villager (Male) |
| 13:00 | Build | Mining Camp |
| 13:45 | Create | Fishing Ship |
| 13:46 | Create | Villager (Male) |
| 13:48 | Create | Villager (Male) |
| 13:50 | Create | Villager (Male) |
| 14:28 | Create | Villager (Male) |
| 14:53 | Create | Villager (Male) |
| 14:56 | Create | Fishing Ship |
| 15:03 | Create | Fishing Ship |
| 15:21 | Build | Mill |
| 15:31 | Research | Feudal Age |
| 15:48 | Build | Mining Camp |
| 16:11 | Build | House |
| 16:22 | Create | Fishing Ship |
| 16:57 | Build | Lumber Camp |
| 17:09 | Create | Villager (Male) |
| 17:37 | Create | Villager (Male) |
| 18:01 | Age | Feudal Age |
| 18:14 | Create | Villager (Male) |
| 18:35 | Build | Barracks |
| 18:50 | Build | Market |
| 18:57 | Create | Villager (Male) |
| 19:16 | Create | Villager (Male) |
| 19:27 | Build | Blacksmith |
| 19:37 | Create | Spearman |
| 19:40 | Create | Spearman |
| 19:54 | Build | House |
| 20:05 | Research | Castle Age |
| 20:48 | Build | House |
| 20:50 | Build | House |
| 20:51 | Build | House |
| 20:58 | Research | Tech 906 |
| 21:00 | Create | Fishing Ship |
| 21:04 | Research | Double-Bit Axe |
| 21:40 | Create | Fishing Ship |
| 21:40 | Create | Fishing Ship |
| 21:46 | Create | Spearman |
| 22:34 | Build | House |
| 22:36 | Build | House |
| 22:41 | Build | House |
| 22:42 | Build | Palisade Wall |
| 22:44 | Build | Palisade Wall |
| 22:45 | Build | Palisade Wall |
| 22:46 | Build | Palisade Wall |
| 22:47 | Build | Palisade Wall |
| 22:47 | Age | Castle Age |
| 22:51 | Create | Villager (Male) |
| 22:51 | Create | Villager (Male) |
| 22:51 | Create | Villager (Male) |
| 22:52 | Create | Villager (Male) |
| 22:57 | Research | Stone Mining |
| 22:58 | Research | Gold Mining |
| 23:57 | Build | Castle |
| 24:07 | Build | Castle |
| 24:22 | Create | Villager (Male) |
| 24:23 | Create | Villager (Male) |
| 24:24 | Create | Villager (Male) |
| 24:44 | Build | Town Center |
| 26:04 | Create | Huskarl |
| 26:04 | Create | Huskarl |
| 26:05 | Create | Huskarl |
| 26:05 | Create | Huskarl |
| 26:05 | Create | Huskarl |
| 26:13 | Build | Siege Workshop |
| 26:34 | Create | Huskarl |
| 26:36 | Create | Huskarl |
| 26:51 | Create | Huskarl |
| 26:51 | Create | Huskarl |
| 27:08 | Research | Forging |
| 27:25 | Build | Barracks |
| 28:28 | Create | Villager (Male) |
| 28:29 | Create | Villager (Male) |
| 28:29 | Create | Villager (Male) |
| 28:29 | Create | Villager (Male) |
| 28:31 | Create | Villager (Male) |
| 28:46 | Build | Lumber Camp |
| 29:08 | Build | House |
| 29:23 | Build | House |
| 29:30 | Build | House |
| 29:31 | Build | House |
| 29:35 | Create | Villager (Male) |
| 29:40 | Create | Villager (Male) |
| 29:40 | Create | Villager (Male) |
| 29:40 | Create | Villager (Male) |
| 29:45 | Build | Farm |
| 29:46 | Build | Farm |
| 29:48 | Build | Farm |
| 29:54 | Build | Farm |
| 29:55 | Build | Farm |
| 29:55 | Build | Farm |
| 29:56 | Build | Farm |
| 29:59 | Build | Farm |
| 29:59 | Build | Farm |
| 30:00 | Build | Farm |
| 30:00 | Build | Farm |
| 30:15 | Build | Farm |
| 30:15 | Build | Farm |
| 30:16 | Build | Farm |
| 30:16 | Build | Farm |
| 30:17 | Build | Farm |
| 30:19 | Build | Farm |
| 30:19 | Build | Farm |
| 31:11 | Create | Battering Ram |
| 31:11 | Create | Battering Ram |
| 31:18 | Create | Villager (Male) |
| 31:18 | Create | Villager (Male) |
| 31:18 | Create | Villager (Male) |
| 31:19 | Create | Villager (Male) |
| 31:41 | Create | Spearman |
| 31:41 | Create | Spearman |
| 31:42 | Create | Spearman |
| 31:42 | Create | Spearman |
| 31:42 | Create | Spearman |
| 31:43 | Create | Spearman |
| 33:32 | Build | House |
Build order — Manav711
First 150 of 180 actions detected
| 0:44 | Build | Town Center |
| 3:03 | Create | Villager (Male) |
| 3:04 | Research | Loom |
| 3:05 | Create | Villager (Male) |
| 3:05 | Create | Villager (Male) |
| 3:06 | Create | Villager (Male) |
| 3:06 | Create | Villager (Male) |
| 3:17 | Build | Dock |
| 3:24 | Build | House |
| 3:26 | Build | House |
| 4:22 | Create | Villager (Male) |
| 5:30 | Create | Villager (Male) |
| 6:07 | Create | Fishing Ship |
| 6:11 | Create | Villager (Male) |
| 6:47 | Create | Fishing Ship |
| 7:02 | Create | Villager (Male) |
| 7:25 | Create | Villager (Male) |
| 7:37 | Create | Fishing Ship |
| 7:58 | Build | House |
| 8:09 | Create | Villager (Male) |
| 8:34 | Create | Villager (Male) |
| 9:15 | Create | Fishing Ship |
| 9:26 | Create | Villager (Male) |
| 10:05 | Create | Villager (Male) |
| 10:08 | Create | Fishing Ship |
| 10:13 | Create | Villager (Male) |
| 10:28 | Create | Villager (Male) |
| 10:32 | Create | Fishing Ship |
| 10:56 | Create | Villager (Male) |
| 11:09 | Build | House |
| 11:32 | Create | Villager (Male) |
| 11:35 | Create | Fishing Ship |
| 11:44 | Build | House |
| 12:00 | Create | Villager (Male) |
| 12:13 | Create | Villager (Male) |
| 12:21 | Build | House |
| 12:43 | Build | Mill |
| 12:58 | Create | Villager (Male) |
| 13:04 | Build | House |
| 13:21 | Create | Fishing Ship |
| 13:35 | Research | Feudal Age |
| 13:36 | Create | Villager (Male) |
| 13:48 | Build | Mining Camp |
| 15:04 | Build | Barracks |
| 15:28 | Build | Palisade Wall |
| 15:36 | Build | Palisade Gate |
| 15:45 | Age | Feudal Age |
| 16:02 | Build | Stone Wall |
| 16:07 | Build | Building 487 |
| 16:19 | Build | Mining Camp |
| 16:30 | Build | Lumber Camp |
| 16:35 | Create | Villager (Male) |
| 16:35 | Create | Villager (Male) |
| 16:43 | Build | House |
| 16:52 | Build | Stone Wall |
| 16:57 | Build | Building 487 |
| 17:06 | Create | Villager (Male) |
| 17:15 | Research | Double-Bit Axe |
| 17:23 | Create | Villager (Male) |
| 17:39 | Build | Stone Wall |
| 17:43 | Build | Building 487 |
| 17:54 | Create | Villager (Male) |
| 17:58 | Create | Fishing Ship |
| 18:09 | Build | Market |
| 18:29 | Build | House |
| 18:34 | Build | House |
| 18:40 | Create | Villager (Male) |
| 19:10 | Build | Blacksmith |
| 19:28 | Create | Villager (Male) |
| 19:30 | Create | Villager (Male) |
| 20:09 | Build | Stable |
| 20:25 | Research | Castle Age |
| 20:26 | Create | Villager (Male) |
| 20:32 | Build | Dock |
| 20:51 | Build | Farm |
| 21:04 | Build | Farm |
| 21:12 | Research | Horse Collar |
| 21:14 | Create | Villager (Male) |
| 21:22 | Create | Fishing Ship |
| 21:53 | Build | Mining Camp |
| 22:00 | Create | Villager (Male) |
| 22:08 | Build | House |
| 22:12 | Build | House |
| 22:18 | Build | Mining Camp |
| 22:56 | Create | Trade Cart |
| 23:05 | Age | Castle Age |
| 23:22 | Research | Husbandry |
| 23:51 | Build | Stable |
| 24:07 | Create | Villager (Male) |
| 24:13 | Research | Bow Saw |
| 24:18 | Create | Camel Scout |
| 24:18 | Create | Camel Scout |
| 24:26 | Research | Scale Barding Armor |
| 24:27 | Research | Fletching |
| 24:29 | Create | Trade Cart |
| 25:42 | Create | Camel Scout |
| 25:43 | Create | Camel Scout |
| 25:44 | Create | Camel Scout |
| 25:44 | Create | Camel Scout |
| 26:03 | Build | Town Center |
| 26:08 | Build | Lumber Camp |
| 26:14 | Create | Trade Cart |
| 26:20 | Create | Camel Scout |
| 26:20 | Create | Camel Scout |
| 26:37 | Create | Camel Scout |
| 26:38 | Create | Camel Scout |
| 26:38 | Create | Camel Scout |
| 27:03 | Create | Villager (Male) |
| 27:04 | Create | Villager (Male) |
| 27:08 | Create | Fishing Ship |
| 27:31 | Build | Castle |
| 27:49 | Build | Farm |
| 28:03 | Create | Villager (Male) |
| 28:03 | Create | Villager (Male) |
| 28:18 | Create | Fishing Ship |
| 28:20 | Create | Fishing Ship |
| 28:26 | Research | Bodkin Arrow |
| 28:27 | Research | Chain Barding Armor |
| 28:33 | Create | Camel Scout |
| 28:33 | Create | Camel Scout |
| 28:36 | Create | Camel Scout |
| 28:36 | Create | Camel Scout |
| 28:49 | Build | Dock |
| 29:28 | Create | Villager (Male) |
| 29:28 | Create | Villager (Male) |
| 30:07 | Create | Villager (Male) |
| 30:07 | Create | Villager (Male) |
| 31:05 | Build | Siege Workshop |
| 32:14 | Research | Imperial Age |
| 32:16 | Create | Camel Scout |
| 32:16 | Create | Camel Scout |
| 32:17 | Create | Camel Scout |
| 33:12 | Create | Villager (Male) |
| 33:12 | Create | Villager (Male) |
| 33:13 | Create | Villager (Male) |
| 33:25 | Create | Camel Scout |
| 33:25 | Create | Camel Scout |
| 33:29 | Research | Pikeman (upgrade) |
| 33:29 | Research | Squires |
| 33:30 | Research | Arson |
| 34:46 | Create | Fishing Ship |
| 34:50 | Create | Fishing Ship |
| 34:56 | Create | Fishing Ship |
| 35:05 | Build | Siege Workshop |
| 35:11 | Build | Siege Workshop |
| 35:16 | Create | Mangonel |
| 35:16 | Create | Mangonel |
| 35:24 | Age | Imperial Age |
| 35:28 | Build | Monastery |
| 35:43 | Build | University |
Build order — afpatinoa
First 150 of 154 actions detected
| 2:50 | Build | Town Center |
| 4:21 | Build | House |
| 4:22 | Build | House |
| 4:56 | Create | Villager (Male) ×4 |
| 5:59 | Build | Dock |
| 6:24 | Create | Villager (Male) |
| 6:24 | Create | Villager (Male) |
| 7:04 | Create | Villager (Male) |
| 7:04 | Create | Villager (Male) |
| 7:04 | Create | Villager (Male) |
| 7:48 | Create | Villager (Male) |
| 7:48 | Create | Villager (Male) |
| 8:18 | Create | Villager (Male) |
| 8:36 | Build | House |
| 8:56 | Create | Villager (Male) |
| 8:56 | Create | Villager (Male) |
| 8:57 | Create | Villager (Male) |
| 9:06 | Create | Fishing Ship |
| 9:15 | Build | House |
| 9:22 | Build | Palisade Wall |
| 9:44 | Create | Villager (Male) |
| 10:05 | Build | Palisade Wall |
| 10:06 | Create | Fishing Ship |
| 10:22 | Build | House |
| 10:24 | Create | Villager (Male) |
| 10:24 | Create | Villager (Male) |
| 10:57 | Create | Villager (Male) |
| 11:00 | Build | Lumber Camp |
| 11:06 | Build | House |
| 11:25 | Create | Fishing Ship |
| 11:25 | Create | Fishing Ship |
| 11:32 | Build | House |
| 11:40 | Create | Villager (Male) |
| 11:40 | Create | Villager (Male) |
| 11:40 | Create | Villager (Male) |
| 12:20 | Create | Villager (Male) |
| 12:25 | Build | Lumber Camp |
| 12:31 | Create | Villager (Male) |
| 12:41 | Create | Fishing Ship |
| 12:41 | Create | Fishing Ship |
| 12:56 | Build | Mill |
| 12:58 | Create | Villager (Male) |
| 13:27 | Create | Fishing Ship |
| 13:46 | Create | Fishing Ship |
| 13:54 | Create | Villager (Male) |
| 13:54 | Create | Villager (Male) |
| 13:54 | Create | Villager (Male) |
| 14:18 | Build | Mining Camp |
| 14:48 | Create | Fishing Ship |
| 14:48 | Create | Fishing Ship |
| 14:53 | Research | Loom |
| 15:04 | Create | Fishing Ship |
| 15:31 | Build | Lumber Camp |
| 15:35 | Create | Villager (Male) |
| 16:02 | Create | Villager (Male) |
| 16:20 | Research | Feudal Age |
| 16:55 | Build | Dock |
| 17:03 | Build | House |
| 17:05 | Build | House |
| 17:18 | Build | Farm |
| 17:18 | Build | Farm |
| 17:19 | Build | Farm |
| 17:20 | Build | Farm |
| 17:21 | Build | Farm |
| 17:23 | Build | Farm |
| 17:30 | Create | Villager (Male) |
| 17:30 | Create | Villager (Male) |
| 17:41 | Build | Mining Camp |
| 18:16 | Create | Fishing Ship |
| 18:16 | Create | Fishing Ship |
| 18:37 | Age | Feudal Age |
| 18:40 | Build | Blacksmith |
| 19:20 | Create | Villager (Male) |
| 19:28 | Build | Market |
| 19:49 | Create | Villager (Male) |
| 20:15 | Create | Villager (Male) |
| 20:21 | Build | Lumber Camp |
| 20:30 | Research | Castle Age |
| 21:00 | Research | Tech 906 |
| 21:29 | Create | Fishing Ship |
| 21:51 | Build | Outpost |
| 21:56 | Research | Wheelbarrow |
| 21:58 | Research | Double-Bit Axe |
| 22:01 | Research | Gold Mining |
| 22:01 | Research | Stone Mining |
| 22:03 | Research | Horse Collar |
| 22:26 | Build | Dock |
| 23:08 | Build | Lumber Camp |
| 23:11 | Age | Castle Age |
| 23:20 | Build | Castle |
| 23:29 | Build | House |
| 23:33 | Build | House |
| 23:56 | Research | Gillnets |
| 24:06 | Create | Fishing Ship |
| 24:06 | Create | Fishing Ship |
| 24:06 | Create | Fishing Ship |
| 24:07 | Create | Fishing Ship |
| 24:07 | Create | Fishing Ship |
| 24:10 | Create | Villager (Male) |
| 24:11 | Create | Villager (Male) |
| 24:41 | Build | Town Center |
| 24:45 | Create | Jaguar Warrior ×5 |
| 24:45 | Create | Jaguar Warrior ×5 |
| 25:13 | Research | Forging |
| 25:14 | Research | Scale Mail Armor |
| 25:49 | Research | Hand Cart |
| 26:05 | Build | Farm |
| 26:28 | Build | House |
| 26:30 | Build | House |
| 26:33 | Build | House |
| 26:37 | Build | Palisade Wall |
| 27:40 | Create | Jaguar Warrior ×5 |
| 27:40 | Create | Jaguar Warrior ×5 |
| 27:50 | Build | Watch Tower |
| 27:57 | Build | Lumber Camp |
| 28:09 | Create | Transport Ship |
| 28:14 | Build | Town Center |
| 28:25 | Create | Jaguar Warrior |
| 28:25 | Create | Jaguar Warrior |
| 28:25 | Create | Jaguar Warrior |
| 28:25 | Create | Jaguar Warrior |
| 28:26 | Create | Jaguar Warrior |
| 28:41 | Build | Mill |
| 28:42 | Build | Farm |
| 28:43 | Build | Farm |
| 28:44 | Build | Farm |
| 28:51 | Research | Iron Casting |
| 29:04 | Build | Outpost |
| 29:37 | Create | Villager (Male) |
| 29:37 | Create | Villager (Male) |
| 30:31 | Create | Jaguar Warrior ×3 |
| 30:57 | Build | Stone Wall |
| 31:23 | Build | Farm |
| 31:31 | Build | Farm |
| 31:41 | Build | Lumber Camp |
| 31:43 | Build | Lumber Camp |
| 31:49 | Create | Villager (Male) |
| 31:49 | Create | Villager (Male) |
| 31:50 | Create | Villager (Male) |
| 32:45 | Build | Farm |
| 32:47 | Create | Villager (Male) |
| 32:56 | Create | Villager (Male) |
| 32:56 | Create | Villager (Male) |
| 33:00 | Build | Farm |
| 33:01 | Build | Farm |
| 33:45 | Create | Villager (Male) |
| 33:47 | Build | Farm |
| 33:49 | Create | Villager (Male) |
| 33:52 | Create | Villager (Male) |
| 33:56 | Create | Villager (Male) |
Build order — AzureMan
First 150 of 184 actions detected
| 0:33 | Build | Town Center |
| 2:41 | Create | Villager (Male) |
| 2:41 | Create | Villager (Male) |
| 2:41 | Create | Villager (Male) |
| 2:42 | Create | Villager (Male) |
| 2:48 | Build | House |
| 3:33 | Build | Mill |
| 3:42 | Create | Villager (Male) |
| 4:00 | Build | House |
| 4:21 | Create | Villager (Male) |
| 5:05 | Research | Loom |
| 5:35 | Create | Villager (Male) |
| 5:40 | Create | Villager (Male) |
| 6:11 | Build | House |
| 6:15 | Create | Villager (Male) |
| 6:39 | Create | Villager (Male) |
| 6:55 | Create | Villager (Male) |
| 7:23 | Create | Villager (Male) |
| 7:35 | Build | House |
| 7:42 | Create | Villager (Male) |
| 8:32 | Create | Villager (Male) |
| 8:38 | Create | Villager (Male) |
| 9:42 | Create | Villager (Male) |
| 9:43 | Create | Villager (Male) |
| 9:56 | Create | Villager (Male) |
| 9:56 | Create | Villager (Male) |
| 9:57 | Create | Villager (Male) |
| 9:57 | Create | Villager (Male) |
| 10:14 | Create | Villager (Male) |
| 10:26 | Build | Lumber Camp |
| 10:35 | Create | Villager (Male) |
| 10:36 | Create | Villager (Male) |
| 11:14 | Create | Villager (Male) |
| 11:14 | Create | Villager (Male) |
| 11:52 | Build | Mining Camp |
| 12:25 | Research | Feudal Age |
| 14:12 | Build | Barracks |
| 14:47 | Age | Feudal Age |
| 14:50 | Research | Wheelbarrow |
| 14:53 | Research | Double-Bit Axe |
| 15:07 | Build | House |
| 15:38 | Build | Stable |
| 16:09 | Research | Horse Collar |
| 16:14 | Build | Farm |
| 16:22 | Build | Farm |
| 16:37 | Create | Villager (Male) |
| 16:48 | Build | Farm |
| 16:56 | Build | Farm |
| 16:59 | Build | Farm |
| 17:06 | Build | Farm |
| 17:38 | Build | Blacksmith |
| 18:00 | Create | Villager (Male) |
| 18:03 | Create | Scout Cavalry |
| 18:09 | Research | Castle Age |
| 19:02 | Research | Man-at-Arms (upgrade) |
| 19:10 | Build | Farm |
| 19:47 | Build | Farm |
| 19:54 | Build | Farm |
| 20:49 | Age | Castle Age |
| 20:52 | Research | Bow Saw |
| 20:57 | Research | Hand Cart |
| 21:18 | Research | Heavy Plow |
| 21:25 | Create | Villager (Male) |
| 21:42 | Create | Villager (Male) |
| 21:42 | Create | Villager (Male) |
| 21:49 | Research | Bow Saw |
| 22:35 | Build | Castle |
| 22:50 | Research | Fletching |
| 22:51 | Create | Villager (Male) |
| 22:52 | Create | Villager (Male) |
| 23:26 | Create | Villager (Male) |
| 23:27 | Create | Villager (Male) |
| 23:28 | Create | Villager (Male) |
| 23:56 | Create | Villager (Male) |
| 23:57 | Create | Villager (Male) |
| 23:57 | Create | Villager (Male) |
| 23:57 | Create | Villager (Male) |
| 24:22 | Build | Town Center |
| 24:36 | Create | Urumi Swordsman |
| 24:38 | Create | Urumi Swordsman |
| 24:45 | Research | Arson |
| 25:35 | Create | Urumi Swordsman |
| 25:42 | Create | Villager (Male) |
| 25:42 | Create | Villager (Male) |
| 25:43 | Create | Villager (Male) |
| 26:02 | Build | Town Center |
| 26:11 | Research | Gold Mining |
| 26:42 | Create | Villager (Male) |
| 26:43 | Create | Villager (Male) |
| 27:18 | Build | Castle |
| 27:45 | Build | Monastery |
| 28:18 | Research | Bodkin Arrow |
| 28:23 | Create | Villager (Male) |
| 28:24 | Create | Villager (Male) |
| 28:24 | Create | Villager (Male) |
| 29:04 | Create | Villager (Male) |
| 29:04 | Create | Villager (Male) |
| 29:05 | Create | Villager (Male) |
| 29:05 | Create | Villager (Male) |
| 29:05 | Create | Villager (Male) |
| 29:06 | Create | Villager (Male) |
| 29:06 | Create | Villager (Male) |
| 29:06 | Create | Villager (Male) |
| 29:07 | Create | Villager (Male) |
| 29:07 | Create | Villager (Male) |
| 29:12 | Build | Farm |
| 29:22 | Build | Farm |
| 29:23 | Build | Farm |
| 29:24 | Build | Farm |
| 29:25 | Build | Farm |
| 29:59 | Build | Farm |
| 30:33 | Create | Monk |
| 30:54 | Create | Villager (Male) |
| 30:55 | Create | Villager (Male) |
| 30:55 | Create | Villager (Male) |
| 30:56 | Create | Villager (Male) |
| 30:56 | Create | Villager (Male) |
| 30:56 | Create | Villager (Male) |
| 30:57 | Create | Villager (Male) |
| 31:06 | Build | Farm |
| 31:07 | Build | Farm |
| 31:12 | Build | Farm |
| 31:13 | Build | Farm |
| 32:15 | Research | Town Watch |
| 33:11 | Build | Farm |
| 33:13 | Build | Farm |
| 33:14 | Build | Farm |
| 33:16 | Build | Farm |
| 33:18 | Build | Farm |
| 33:20 | Build | Farm |
| 34:00 | Research | Imperial Age |
| 34:04 | Build | Farm |
| 34:13 | Research | Stone Mining |
| 34:39 | Create | Villager (Male) |
| 34:40 | Create | Villager (Male) |
| 35:03 | Build | Archery Range |
| 35:10 | Create | Villager (Male) |
| 35:10 | Create | Villager (Male) |
| 35:11 | Create | Villager (Male) |
| 35:11 | Create | Villager (Male) |
| 35:12 | Create | Villager (Male) |
| 35:12 | Create | Villager (Male) |
| 35:26 | Build | Farm |
| 35:39 | Build | University |
| 35:53 | Create | Elephant Archer ×5 |
| 35:53 | Create | Elephant Archer ×5 |
| 35:53 | Create | Elephant Archer |
| 37:10 | Age | Imperial Age |
| 37:18 | Create | Trebuchet (Packed) |
| 37:41 | Build | Town Center |
Build order — LightSTROKE
149 actions detected in the replay
| 2:35 | Build | Town Center |
| 3:45 | Build | House |
| 3:47 | Build | House |
| 3:57 | Build | House |
| 4:29 | Create | Villager (Male) |
| 4:29 | Create | Villager (Male) |
| 4:45 | Create | Villager (Male) |
| 4:45 | Create | Villager (Male) |
| 6:18 | Create | Villager (Male) |
| 6:18 | Create | Villager (Male) |
| 6:18 | Create | Villager (Male) |
| 7:09 | Create | Villager (Male) |
| 7:28 | Create | Villager (Male) |
| 7:53 | Create | Villager (Male) |
| 8:23 | Create | Villager (Male) |
| 8:23 | Create | Villager (Male) |
| 8:52 | Create | Villager (Male) |
| 9:13 | Create | Villager (Male) |
| 9:22 | Build | Building 796 |
| 9:25 | Build | House |
| 9:28 | Build | House |
| 9:37 | Create | Villager (Male) |
| 10:03 | Build | Building 804 |
| 10:07 | Build | House |
| 10:09 | Create | Villager (Male) |
| 10:17 | Build | Lumber Camp |
| 10:20 | Create | Villager (Male) |
| 11:11 | Create | Villager (Male) |
| 11:14 | Research | Loom |
| 11:23 | Create | Villager (Male) |
| 11:32 | Build | Barracks |
| 11:39 | Create | Villager (Male) |
| 12:10 | Create | Villager (Male) |
| 12:28 | Create | Villager (Male) |
| 12:40 | Create | Villager (Male) |
| 12:46 | Build | House |
| 12:48 | Build | House |
| 13:20 | Create | Villager (Male) |
| 13:39 | Create | Villager (Male) |
| 13:46 | Create | Villager (Male) |
| 13:56 | Build | Building 804 |
| 14:03 | Create | Villager (Male) |
| 14:14 | Build | Mill |
| 14:28 | Build | Mill |
| 14:32 | Create | Villager (Male) |
| 14:44 | Build | Building 800 |
| 14:47 | Build | House |
| 14:48 | Build | House |
| 14:51 | Create | Villager (Male) |
| 14:58 | Create | Villager (Male) |
| 15:29 | Build | House |
| 15:32 | Build | House |
| 16:40 | Research | Feudal Age |
| 16:41 | Create | Villager (Male) |
| 18:44 | Age | Feudal Age |
| 18:58 | Build | Market |
| 19:07 | Create | Villager (Male) |
| 19:07 | Create | Villager (Male) |
| 19:31 | Create | Spearman |
| 19:38 | Build | Blacksmith |
| 20:18 | Research | Wheelbarrow |
| 21:05 | Create | Villager (Male) |
| 21:11 | Build | Mining Camp |
| 21:24 | Research | Double-Bit Axe |
| 22:13 | Create | Villager (Male) |
| 22:38 | Create | Spearman |
| 22:53 | Build | Lumber Camp |
| 23:09 | Research | Castle Age |
| 23:10 | Research | Castle Age |
| 23:37 | Build | Mining Camp |
| 24:02 | Build | Stone Wall |
| 24:09 | Build | Stone Wall |
| 25:05 | Build | Stone Wall |
| 25:35 | Age | Castle Age |
| 26:09 | Build | Stone Wall |
| 26:11 | Build | Mining Camp |
| 26:39 | Build | Castle |
| 28:34 | Build | Mill |
| 28:40 | Build | Archery Range |
| 28:41 | Build | Archery Range |
| 28:47 | Build | Mill |
| 29:20 | Research | Kamandaran |
| 30:34 | Create | Archer ×5 |
| 30:36 | Create | Archer |
| 30:50 | Build | Farm |
| 30:52 | Build | Farm |
| 30:53 | Build | Farm |
| 30:54 | Build | Farm |
| 31:32 | Research | Fletching |
| 31:41 | Research | Crossbowman (upgrade) |
| 31:54 | Build | Town Center |
| 32:08 | Build | University |
| 32:09 | Build | House |
| 32:10 | Build | House |
| 32:17 | Create | Archer |
| 32:38 | Create | Villager (Male) |
| 32:39 | Create | Villager (Male) |
| 32:39 | Create | Villager (Male) |
| 33:03 | Create | Archer |
| 33:03 | Create | Archer |
| 33:49 | Create | Archer |
| 33:50 | Create | Archer |
| 33:50 | Create | Archer |
| 33:58 | Create | Archer |
| 33:59 | Create | Archer |
| 33:59 | Create | Archer |
| 34:26 | Research | Bodkin Arrow |
| 34:49 | Build | Archery Range |
| 34:52 | Build | Archery Range |
| 35:52 | Build | Farm |
| 35:59 | Create | Archer |
| 36:00 | Create | Archer |
| 36:16 | Create | Villager (Male) |
| 36:16 | Create | Villager (Male) |
| 36:38 | Research | Thumb Ring |
| 36:39 | Create | Archer |
| 36:40 | Create | Archer |
| 36:40 | Create | Archer |
| 37:08 | Create | Archer |
| 37:08 | Create | Archer |
| 37:09 | Create | Archer |
| 37:09 | Create | Archer |
| 37:09 | Create | Archer |
| 37:31 | Research | Padded Archer Armor |
| 37:34 | Research | Ballistics |
| 37:40 | Build | Farm |
| 37:42 | Build | Farm |
| 37:46 | Build | Farm |
| 38:00 | Create | Archer ×5 |
| 38:01 | Create | Archer ×5 |
| 38:07 | Create | Villager (Male) |
| 38:08 | Create | Villager (Male) |
| 38:34 | Build | House |
| 38:35 | Build | House |
| 38:35 | Build | House |
| 38:35 | Build | House |
| 38:35 | Build | House |
| 38:35 | Build | House |
| 38:36 | Build | House |
| 39:06 | Research | Leather Archer Armor |
| 39:09 | Create | Archer |
| 39:09 | Create | Archer |
| 39:09 | Create | Archer |
| 39:11 | Create | Villager (Male) |
| 39:12 | Create | Villager (Male) |
| 39:34 | Build | House |
| 39:35 | Build | House |
| 39:36 | Build | House |
| 39:36 | Build | House |
Build order — Pocket Hunter
First 150 of 299 actions detected
| 0:59 | Build | Town Center |
| 1:03 | Build | Dock |
| 1:04 | Build | House |
| 1:05 | Build | House |
| 3:36 | Research | Loom |
| 3:37 | Create | Villager (Male) |
| 3:37 | Create | Villager (Male) |
| 3:37 | Create | Villager (Male) |
| 3:38 | Create | Villager (Male) |
| 5:02 | Create | Villager (Male) |
| 5:34 | Create | Villager (Male) |
| 6:00 | Create | Villager (Male) |
| 6:14 | Create | Villager (Male) |
| 6:48 | Create | Villager (Male) |
| 7:31 | Create | Villager (Male) |
| 7:31 | Create | Villager (Male) |
| 7:59 | Create | Villager (Male) |
| 8:35 | Create | Villager (Male) |
| 8:46 | Build | Dock |
| 8:51 | Create | Fishing Ship |
| 8:59 | Create | Villager (Male) |
| 9:07 | Create | Villager (Male) |
| 9:26 | Create | Fishing Ship |
| 9:43 | Create | Fishing Ship |
| 9:46 | Create | Villager (Male) |
| 10:10 | Create | Fishing Ship |
| 10:17 | Create | Villager (Male) |
| 10:35 | Build | House |
| 10:41 | Create | Fishing Ship |
| 10:44 | Create | Villager (Male) |
| 10:58 | Create | Villager (Male) |
| 11:08 | Create | Villager (Male) |
| 11:10 | Create | Fishing Ship |
| 11:22 | Create | Fishing Ship |
| 11:30 | Create | Villager (Male) |
| 11:39 | Create | Villager (Male) |
| 11:39 | Create | Villager (Male) |
| 11:48 | Create | Fishing Ship |
| 11:49 | Create | Fishing Ship |
| 11:56 | Build | House |
| 11:58 | Build | House |
| 11:58 | Build | House |
| 12:28 | Create | Fishing Ship |
| 12:29 | Create | Fishing Ship |
| 12:37 | Create | Fishing Ship |
| 12:37 | Create | Fishing Ship |
| 12:56 | Build | House |
| 13:02 | Create | Fishing Ship |
| 13:02 | Create | Fishing Ship |
| 13:18 | Build | Mill |
| 13:36 | Create | Fishing Ship |
| 13:37 | Create | Fishing Ship |
| 13:54 | Build | Lumber Camp |
| 13:56 | Research | Feudal Age |
| 14:08 | Create | Fishing Ship |
| 14:09 | Create | Fishing Ship |
| 14:31 | Create | Fishing Ship |
| 14:31 | Create | Fishing Ship |
| 14:37 | Create | Fishing Ship |
| 15:03 | Create | Fishing Ship |
| 15:14 | Age | Feudal Age |
| 15:15 | Research | Wheelbarrow |
| 15:16 | Research | Double-Bit Axe |
| 15:32 | Build | House |
| 15:33 | Build | House |
| 15:38 | Research | Tech 906 |
| 15:53 | Create | Fishing Ship |
| 16:31 | Create | Fishing Ship |
| 16:32 | Create | Fishing Ship |
| 16:45 | Build | Blacksmith |
| 16:57 | Build | Mining Camp |
| 17:26 | Build | Market |
| 17:34 | Research | Town Watch |
| 17:52 | Research | Gold Mining |
| 18:10 | Create | Villager (Male) |
| 18:10 | Create | Villager (Male) |
| 18:11 | Create | Villager (Male) |
| 18:11 | Create | Villager (Male) |
| 18:50 | Build | Barracks |
| 19:03 | Research | Castle Age |
| 19:09 | Research | Forging |
| 19:11 | Research | Scale Barding Armor |
| 19:39 | Build | Stable |
| 19:40 | Build | Stable |
| 20:03 | Build | Dock |
| 20:41 | Age | Castle Age |
| 20:43 | Build | Town Center |
| 20:47 | Build | Town Center |
| 20:49 | Research | Stone Mining |
| 20:58 | Create | Villager (Male) |
| 20:58 | Create | Villager (Male) |
| 20:59 | Create | Villager (Male) |
| 20:59 | Create | Villager (Male) |
| 21:18 | Create | Demolition Raft |
| 21:29 | Create | Scout Cavalry |
| 21:31 | Research | Husbandry |
| 21:36 | Create | Villager (Male) |
| 21:43 | Create | Villager (Male) |
| 21:56 | Research | Gillnets |
| 22:08 | Build | Dock |
| 22:21 | Create | Villager (Male) |
| 22:22 | Create | Villager (Male) |
| 22:22 | Create | Villager (Male) |
| 22:22 | Create | Villager (Male) |
| 22:23 | Create | Villager (Male) |
| 22:23 | Create | Villager (Male) |
| 22:23 | Create | Villager (Male) |
| 23:08 | Create | Battle Elephant |
| 23:08 | Create | Battle Elephant |
| 23:09 | Create | Battle Elephant |
| 23:15 | Create | Battle Elephant |
| 23:15 | Create | Battle Elephant |
| 23:15 | Create | Battle Elephant |
| 24:37 | Research | Iron Casting |
| 24:40 | Create | Villager (Male) |
| 24:40 | Create | Villager (Male) |
| 24:41 | Create | Villager (Male) |
| 24:41 | Create | Villager (Male) |
| 24:41 | Create | Villager (Male) |
| 24:41 | Create | Villager (Male) |
| 25:05 | Build | Fish Trap |
| 25:05 | Build | Fish Trap |
| 25:06 | Build | Fish Trap |
| 25:07 | Build | Fish Trap |
| 25:07 | Build | Fish Trap |
| 25:09 | Build | Fish Trap |
| 25:10 | Build | Fish Trap |
| 25:11 | Build | Fish Trap |
| 25:11 | Build | Fish Trap |
| 25:12 | Build | Fish Trap |
| 25:13 | Build | Fish Trap |
| 25:15 | Build | Fish Trap |
| 25:16 | Build | Fish Trap |
| 25:17 | Build | Fish Trap |
| 25:19 | Build | Fish Trap |
| 25:20 | Build | Fish Trap |
| 25:27 | Build | University |
| 27:01 | Research | Hand Cart |
| 27:02 | Create | Villager (Male) |
| 27:02 | Create | Villager (Male) |
| 27:02 | Create | Villager (Male) |
| 27:02 | Create | Villager (Male) |
| 27:03 | Create | Villager (Male) |
| 27:03 | Create | Villager (Male) |
| 27:10 | Build | Fish Trap |
| 27:11 | Build | Fish Trap |
| 27:11 | Build | Fish Trap |
| 27:17 | Create | Fishing Ship |
| 27:17 | Create | Fishing Ship |
| 27:18 | Create | Fishing Ship |
Build order — danielcastrokirby
130 actions detected in the replay
| 2:36 | Build | Town Center |
| 3:55 | Build | House |
| 3:58 | Build | House |
| 4:32 | Create | Villager (Male) ×4 |
| 5:22 | Create | Villager (Male) |
| 5:54 | Build | Dock |
| 6:32 | Create | Villager (Male) |
| 6:49 | Create | Fishing Ship |
| 7:22 | Create | Villager (Male) |
| 7:33 | Create | Fishing Ship |
| 7:34 | Create | Fishing Ship |
| 8:07 | Create | Villager (Male) |
| 8:07 | Create | Villager (Male) |
| 8:18 | Create | Fishing Ship |
| 8:38 | Build | House |
| 8:54 | Create | Villager (Male) |
| 8:57 | Create | Fishing Ship |
| 9:24 | Create | Villager (Male) |
| 9:25 | Create | Villager (Male) |
| 9:28 | Create | Fishing Ship |
| 9:29 | Create | Fishing Ship |
| 9:55 | Create | Villager (Male) |
| 10:01 | Create | Fishing Ship |
| 10:01 | Create | Fishing Ship |
| 10:21 | Build | House |
| 10:24 | Create | Villager (Male) |
| 10:25 | Create | Villager (Male) |
| 10:37 | Create | Villager (Male) |
| 10:37 | Create | Villager (Male) |
| 10:58 | Build | Lumber Camp |
| 11:09 | Create | Fishing Ship |
| 11:12 | Create | Villager (Male) |
| 11:47 | Create | Fishing Ship |
| 11:48 | Create | Fishing Ship |
| 11:48 | Create | Fishing Ship |
| 11:58 | Build | House |
| 12:07 | Create | Fishing Ship |
| 12:08 | Create | Fishing Ship |
| 12:38 | Create | Fishing Ship |
| 12:38 | Create | Fishing Ship |
| 13:46 | Create | Fishing Ship |
| 13:46 | Create | Fishing Ship |
| 14:09 | Build | Dock |
| 14:13 | Research | Feudal Age |
| 15:06 | Create | Fishing Ship ×3 |
| 15:32 | Create | Fishing Ship |
| 15:41 | Build | House |
| 15:45 | Build | House |
| 16:07 | Create | Fishing Ship |
| 16:23 | Age | Feudal Age |
| 16:26 | Research | Double-Bit Axe |
| 16:26 | Research | Double-Bit Axe |
| 16:46 | Create | Villager (Male) ×5 |
| 17:04 | Build | Mill |
| 17:10 | Create | Fishing Ship |
| 17:10 | Create | Fishing Ship |
| 17:30 | Build | Mining Camp |
| 17:40 | Create | Villager (Male) ×5 |
| 17:46 | Create | Fishing Ship |
| 18:25 | Build | Barracks |
| 18:44 | Build | House |
| 18:46 | Build | House |
| 18:53 | Build | House |
| 19:04 | Create | Fire Galley |
| 19:20 | Create | Spearman ×3 |
| 20:00 | Build | Mining Camp |
| 20:15 | Research | Wheelbarrow |
| 20:19 | Create | Fire Galley |
| 20:20 | Create | Fire Galley |
| 21:07 | Research | Gold Mining |
| 21:33 | Create | Fire Galley ×2 |
| 22:24 | Create | Fire Galley |
| 22:24 | Create | Fire Galley |
| 22:33 | Research | Horse Collar |
| 23:25 | Build | Stable |
| 23:31 | Create | Fire Galley |
| 24:35 | Build | Blacksmith |
| 24:45 | Build | Market |
| 25:25 | Create | Fire Galley |
| 25:28 | Create | Fire Galley |
| 25:41 | Create | Fire Galley |
| 25:41 | Create | Fire Galley |
| 26:06 | Research | Stone Mining |
| 27:31 | Research | Castle Age |
| 27:42 | Create | Scout Cavalry ×5 |
| 27:50 | Build | Stable |
| 27:52 | Build | Stable |
| 27:59 | Research | Scale Barding Armor |
| 28:21 | Create | Fire Galley ×2 |
| 28:31 | Create | Scout Cavalry ×5 |
| 28:37 | Create | Villager (Male) ×5 |
| 28:53 | Build | Stone Wall |
| 29:16 | Create | Fire Galley |
| 29:38 | Create | Scout Cavalry ×5 |
| 29:38 | Create | Scout Cavalry ×5 |
| 30:11 | Age | Castle Age |
| 30:28 | Build | Castle |
| 30:33 | Research | Bloodlines |
| 30:34 | Research | Husbandry |
| 32:55 | Research | Chain Barding Armor |
| 33:06 | Research | Pikeman (upgrade) |
| 33:07 | Create | Spearman ×2 |
| 33:19 | Build | Stone Wall |
| 34:53 | Build | Town Center |
| 35:03 | Build | Farm |
| 35:03 | Build | Farm |
| 35:04 | Build | Farm |
| 35:04 | Build | Farm |
| 35:29 | Build | Siege Workshop |
| 35:34 | Build | Siege Workshop |
| 37:14 | Create | Villager (Male) ×5 |
| 37:30 | Research | Gold Shaft Mining |
| 37:33 | Create | Villager (Male) ×5 |
| 37:51 | Create | Armored Elephant |
| 37:51 | Create | Armored Elephant |
| 37:51 | Create | Armored Elephant |
| 38:05 | Build | Farm |
| 38:12 | Build | Farm |
| 38:13 | Build | Farm |
| 38:21 | Build | Farm |
| 38:21 | Build | Farm |
| 38:35 | Create | Armored Elephant |
| 38:51 | Build | Farm |
| 38:59 | Build | Farm |
| 39:11 | Create | Armored Elephant |
| 39:11 | Create | Armored Elephant |
| 39:22 | Research | Light Cavalry (upgrade) |
| 39:52 | Create | Armored Elephant |
| 40:19 | Create | Scout Cavalry |
| 40:19 | Create | Scout Cavalry |
Match timeline
| 1:03 | Pocket Hunter · first_building Dock |
| 3:17 | Manav711 · first_building Dock |
| 4:00 | frizboum · first_building Dock |
| 5:54 | danielcastrokirby · first_building Dock |
| 5:59 | afpatinoa · first_building Dock |
| 9:22 | afpatinoa · wall_segment Palisade Wall x4 |
| 9:41 | HANSLANDA · first_building Dock |
| 10:05 | afpatinoa · wall_segment Palisade Wall x5 |
| 10:22 | HANSLANDA · wall_segment Palisade Wall x4 |
| 10:27 | HANSLANDA · wall_segment Palisade Wall x12 |
| 11:32 | LightSTROKE · first_building Barracks |
| 14:12 | AzureMan · first_building Barracks |
| 14:47 | AzureMan · age_up feudal |
| 15:04 | Manav711 · first_building Barracks |
| 15:14 | Pocket Hunter · age_up feudal |
| 15:28 | Manav711 · wall_segment Palisade Wall x11 |
| 15:38 | AzureMan · first_building Stable |
| 15:45 | Manav711 · age_up feudal |
| 16:02 | Manav711 · wall_segment Stone Wall x9 |
| 16:23 | danielcastrokirby · age_up feudal |
| 16:52 | Manav711 · wall_segment Stone Wall x5 |
| 17:39 | Manav711 · wall_segment Stone Wall x11 |
| 18:01 | HANSLANDA · age_up feudal |
| 18:25 | danielcastrokirby · first_building Barracks |
| 18:35 | HANSLANDA · first_building Barracks |
| 18:37 | afpatinoa · age_up feudal |
| 18:44 | LightSTROKE · age_up feudal |
| 18:50 | Pocket Hunter · first_building Barracks |
| 19:00 | Pocket Hunter · first_market_sell 100 wood |
| 19:39 | Pocket Hunter · first_building Stable |
| 20:09 | Manav711 · first_building Stable |
| 20:23 | frizboum · first_market_sell 100 wood |
| 20:29 | afpatinoa · first_market_sell 100 food |
| 20:41 | Pocket Hunter · age_up castle |
| 20:49 | AzureMan · age_up castle |
| 22:32 | frizboum · first_building Barracks |
| 22:35 | AzureMan · first_building Castle |
| 22:42 | HANSLANDA · wall_segment Palisade Wall x1 |
| 22:44 | HANSLANDA · wall_segment Palisade Wall x1 |
| 22:45 | HANSLANDA · wall_segment Palisade Wall x1 |
| 22:46 | HANSLANDA · wall_segment Palisade Wall x1 |
| 22:47 | HANSLANDA · age_up castle |
| 22:47 | HANSLANDA · wall_segment Palisade Wall x1 |
| 23:05 | Manav711 · age_up castle |
| 23:11 | afpatinoa · age_up castle |
| 23:20 | afpatinoa · first_building Castle |
| 23:25 | danielcastrokirby · first_building Stable |
| 23:57 | HANSLANDA · first_building Castle |
| 24:02 | LightSTROKE · wall_segment Stone Wall x6 |
| 24:09 | LightSTROKE · wall_segment Stone Wall x13 |
| 25:05 | LightSTROKE · wall_segment Stone Wall x1 |
| 25:35 | LightSTROKE · age_up castle |
| 26:09 | LightSTROKE · wall_segment Stone Wall x6 |
| 26:13 | HANSLANDA · first_building Siege Workshop |
| 26:37 | afpatinoa · wall_segment Palisade Wall x1 |
| 26:39 | LightSTROKE · first_building Castle |
| 27:23 | Pocket Hunter · first_building Monastery |
| 27:31 | Manav711 · first_building Castle |
| 27:35 | afpatinoa · first_market_buy 100 food |
| 27:45 | AzureMan · first_building Monastery |
| 28:40 | LightSTROKE · first_building Archery Range |
| 28:50 | frizboum · first_building Monastery |
| 28:53 | danielcastrokirby · wall_segment Stone Wall x3 |
| 29:11 | LightSTROKE · first_market_buy 100 food |
| 30:07 | Pocket Hunter · first_market_buy 100 food |
| 30:11 | danielcastrokirby · age_up castle |
| 30:28 | danielcastrokirby · first_building Castle |
| 30:40 | frizboum · first_building Siege Workshop |
| 30:57 | afpatinoa · wall_segment Stone Wall x5 |
| 31:05 | Pocket Hunter · first_building Castle |
| 31:05 | Manav711 · first_building Siege Workshop |
| 31:58 | frizboum · first_building Stable |
| 32:15 | Pocket Hunter · age_up imperial |
| 33:19 | danielcastrokirby · wall_segment Stone Wall x13 |
| 33:49 | HANSLANDA · wall_segment Palisade Wall x1 |
| 34:02 | HANSLANDA · wall_segment Palisade Wall x1 |
| 34:47 | Pocket Hunter · first_building Archery Range |
| 35:03 | AzureMan · first_building Archery Range |
| 35:24 | Manav711 · age_up imperial |
| 35:28 | Manav711 · first_building Monastery |
| 35:29 | danielcastrokirby · first_building Siege Workshop |
| 37:01 | Manav711 · first_market_sell 100 wood |
| 37:10 | AzureMan · age_up imperial |
| 37:11 | afpatinoa · resign |
[ AI ANALYSIS · 1 CREDIT ]
What really happened in this match?
Wolo.gg analyzes every decision: build order, eco, micro, common mistakes by bracket. Personalized analysis on WhatsApp or Discord in 30 seconds.
Civ guide
Burmese
Map guide
Nomad
Perfil
frizboum